AoeStats
← Banana Cop

Arena

510301099Analyzed
4v4 RM · 2d ago on Sep 30, 2026· 48m 16s· 8 players
Game mode
Random Map
Map size
Large (8 player)
Population
200
Speed
Normal
Resources
Standard
Victory
Conquest
Starting age
Dark Age
Ending age
Imperial Age
RankedLock teamsTeams togetherTeam positionsShared explorationLock speedFull tech treeHidden civsTurbo modeCheats
Victory
Defeat
🇺🇸 Spanish · United States
874
+11
🇨🇳 Britons · China
838
+13
🇨🇳 Ethiopians · China
838
+13
🇨🇳 Italians · China
662
+20
🇦🇺 Britons · Australia
813
-16
🇧🇷 Japanese · Brazil
757
-14
🇹🇷 Teutons · Türkiye
748
-14
🇦🇺 Huns · Australia
729
-16
Banana Cop
11:43 Feudal Age
15:45 Castle Age
21:18 Ballistics
21:19 Fletching
22:44 Bodkin Arrow
28:53 Imperial Age
27:42 Padded Archer Armor
29:17 Yeomen
30:03 Yeomen
30:04 Conscription
30:28 Gold Mining
35:04 Leather Archer Armor
37:13 Warwolf
38:25 Gold Shaft Mining
39:32 Bracer
41:03 Ring Archer Armor
44:00 Chemistry
44:30 Forging
44:20 Scale Mail Armor
45:27 Elite Longbowman
45:44 Pikeman
Rique
0:28 Loom
12:53 Feudal Age
13:24 Double-Bit Axe
13:21 Horse Collar
15:53 Gold Mining
18:18 Wheelbarrow
17:51 Stone Mining
23:05 Castle Age
24:18 Bow Saw
25:30 Heavy Plow
25:50 Caravan
29:43 Hand Cart
29:13 Town Watch
29:19 Treadmill Crane
30:25 Murder Holes
30:42 Masonry
32:02 Fervor
32:33 Fletching
32:54 Forging
32:45 Scale Mail Armor
32:46 Padded Archer Armor
34:07 Fortified Wall
34:18 Ballistics
34:59 Gold Shaft Mining
34:35 Bodkin Arrow
35:16 Iron Casting
34:33 Arson
34:49 Squires
34:34 Gambesons
34:11 Pikeman
34:12 Man-at-Arms
36:48 Chain Mail Armor
38:47 Yasama
44:15 Imperial Age
41:46 Town Patrol
44:51 Leather Archer Armor
44:42 Scale Barding Armor
46:41 Halberdier
zivrisinek
0:31 Loom
17:16 Feudal Age
19:23 Wheelbarrow
18:34 Town Watch
18:34 Horse Collar
18:42 Double-Bit Axe
19:39 Gold Mining
19:44 Stone Mining
19:39 Man-at-Arms
22:26 Castle Age
20:52 Forging
21:15 Fletching
21:26 Padded Archer Armor
21:29 Scale Mail Armor
23:15 Scale Barding Armor
23:59 Pikeman
25:05 Bow Saw
28:28 Imperial Age
26:42 Town Patrol
26:46 Heavy Plow
28:30 Hand Cart
30:23 Stone Shaft Mining
30:39 Conscription
31:12 Hoardings
30:43 Squires
33:42 Two-Man Saw
37:08 Crop Rotation
36:53 Arson
37:43 Ironclad
38:44 Caravan
38:54 Onager
40:22 Bloodlines
39:33 Cavalier
41:35 Bodkin Arrow
41:55 Leather Archer Armor
42:16 Iron Casting
42:12 Masonry
43:29 Chain Mail Armor
43:22 Halberdier
45:34 Blast Furnace
45:08 Ballistics
Robbin' Frog
2:29 Loom
18:02 Feudal Age
22:21 Wheelbarrow
22:57 Town Watch
26:44 Castle Age
26:50 Castle Age
24:36 Town Watch
26:05 Horse Collar
26:27 Gold Mining
26:42 Stone Mining
26:46 Double-Bit Axe
27:29 Bloodlines
27:34 Scale Barding Armor
28:26 Fletching
29:23 Man-at-Arms
29:49 Arson
29:25 Pikeman
30:06 Squires
32:13 Hand Cart
32:00 Town Patrol
32:39 Husbandry
34:30 Elite Skirmisher
34:32 Crossbowman
35:19 Thumb Ring
43:41 Scale Mail Armor
43:42 Padded Archer Armor
Anipazronkin
0:31 Loom
2:03 Loom
2:34 Loom
2:49 Loom
3:21 Loom
3:41 Loom
3:58 Loom
4:34 Loom
5:07 Loom
5:56 Loom
6:33 Loom
7:01 Loom
7:57 Loom
8:22 Loom
8:52 Loom
9:10 Loom
9:46 Loom
11:32 Feudal Age
13:36 Wheelbarrow
12:49 Double-Bit Axe
12:59 Horse Collar
14:04 Gold Mining
16:00 Stone Mining
21:07 Town Watch
23:26 Castle Age
25:15 Hand Cart
25:01 Town Patrol
25:11 Fletching
25:36 Bow Saw
25:29 Heavy Plow
26:06 Stone Shaft Mining
27:59 Bodkin Arrow
34:31 Imperial Age
34:08 Fortified Wall
33:54 Murder Holes
34:11 Masonry
35:01 Bloodlines
34:51 Husbandry
36:00 Guilds
38:39 Hoardings
42:34 Supremacy
42:34 Conscription
41:45 Sappers
43:27 Thumb Ring
44:18 Elite Conquistador
46:11 Caravan
47:22 Scale Barding Armor
47:17 Padded Archer Armor
47:18 Bracer
47:28 Forging
47:51 Architecture
47:42 Ballistics
Red Hood
9:23 Loom
12:01 Feudal Age
12:35 Double-Bit Axe
14:06 Horse Collar
16:42 Castle Age
19:26 Bow Saw
20:14 Stone Mining
20:17 Gold Mining
21:38 Heavy Plow
22:17 Stone Shaft Mining
25:42 Fletching
25:52 Padded Archer Armor
31:46 Wheelbarrow
31:12 Bodkin Arrow
31:32 Leather Archer Armor
35:15 Imperial Age
33:38 Ballistics
34:29 Bloodlines
34:19 Husbandry
34:26 Husbandry
33:57 Light Cavalry
35:55 Forging
35:50 Scale Barding Armor
37:09 Chemistry
36:40 Hand Cart
37:04 Elite Genoese Crossbowman
39:21 Hussar
41:11 Bracer
41:41 Ring Archer Armor
41:48 Iron Casting
41:34 Chain Barding Armor
43:53 Conscription
45:26 Blast Furnace
47:19 Plate Barding Armor
46:45 Murder Holes
星玖
11:01 Feudal Age
11:54 Loom
15:58 Castle Age
14:08 Double-Bit Axe
14:39 Horse Collar
15:32 Stone Mining
23:38 Heavy Plow
25:57 Wheelbarrow
25:36 Gold Mining
26:12 Bow Saw
26:59 Hand Cart
29:43 Fletching
30:35 Gold Shaft Mining
32:47 Imperial Age
31:11 Ballistics
30:32 Treadmill Crane
30:51 Bodkin Arrow
32:56 Heavy Scorpion
33:54 Forging
33:50 Scale Barding Armor
34:49 Chemistry
33:46 Cavalier
35:13 Iron Casting
34:44 Husbandry
37:37 Blast Furnace
36:59 Chain Barding Armor
36:47 Siege Engineers
37:33 Warwolf
37:54 Conscription
49:09 Plate Barding Armor
咖喱棒
2:49 Loom
12:59 Feudal Age
17:20 Castle Age
15:08 Double-Bit Axe
15:16 Horse Collar
15:40 Gold Mining
16:27 Stone Mining
16:38 Fletching
21:31 Forging
21:04 Elite Skirmisher
21:50 Padded Archer Armor
22:32 Bow Saw
23:02 Gold Shaft Mining
22:35 Heavy Plow
25:21 Ballistics
25:08 Town Watch
26:07 Gold Shaft Mining
27:24 Fortified Wall
27:32 Leather Archer Armor
31:28 Wheelbarrow
31:50 Murder Holes
34:32 Imperial Age
32:22 Bodkin Arrow
32:59 Hand Cart
33:42 Thumb Ring
33:01 Crossbowman
33:57 Squires
33:43 Arson
34:40 Halberdier
35:48 Conscription
36:35 Ring Archer Armor
37:22 Two-Man Saw
38:35 Scale Mail Armor
40:36 Chemistry
39:50 Masonry
40:15 Conscription
42:25 Chain Mail Armor
42:46 Iron Casting
42:13 Bracer
41:37 Arbalester
44:00 Capped Ram
45:25 Siege Engineers
45:29 Torsion Engines
Connection lost

Rejoining the realm…

Still unreachable

The connection could not be restored.

Session expired

The server has moved on; the page needs a fresh start.